 Dungeon Crawl Stone Soup version 0.30-a0-1085-g990a428a5c (webtiles) character file.

Game seed: 5539685874424125471

46 jimonade the Grasshopper (level 3, 0/33 HPs)
             Began as a Naga Warper on Apr 16, 2023.
             Slain by a black bear (2 damage)
             ... on level 2 of the Dungeon.
             The game lasted 00:02:38 (1107 turns).

jimonade the Grasshopper (Naga Warper)              Turns: 1107, Time: 00:02:39

Health: 0/33       AC:  7    Str: 13    XL:     3   Next: 68%
Magic:  6/6        EV:  7    Int: 13    God:
Gold:   31         SH:  0    Dex: 12    Spells: 2/6 levels left

rFire   . . .      SeeInvis +    a - +0 mace
rCold   . . .      Faith    .    (no shield)
rNeg    + . .      Spirit   .    n - +0 leather armour
rPois   +          Reflect  .    (no helmet)
rElec   .          Rampage  .    (no cloak)
rCorr   .                        (no gloves)
Will    .....                    h - +1 barding
Stlth   +                        l - amulet of the acrobat
HPRegen 0.25/turn                g - ring of positive energy
MPRegen 0.10/turn                (no ring)

@: very slow
A: AC +1, large, see invisible, deformed body, poison resistance, slowness 2,
spit poison 1, naga tail 1
a: Spit Poison


You were on level 2 of the Dungeon.
You visited 1 branch of the dungeon, and saw 2 of its levels.

You collected 31 gold pieces.

Inventory:

Hand Weapons
 a - a +0 mace (weapon)
 b - a +0 sling
Missiles
 d - 7 boomerangs of dispersal
 k - 4 poisoned darts
 m - 2 boomerangs
Armour
 h - a +1 barding (worn)
 n - a +0 leather armour (worn)
Jewellery
 g - a ring of positive energy (left hand)
 l - an amulet of the acrobat (around neck)
Scrolls
 c - 4 scrolls of blinking
 e - 2 scrolls of poison {unknown}
 i - a scroll of identify {unknown}
Potions
 f - a potion of cancellation {unknown}
 j - a potion of mutation {unknown}


   Skills:
 + Level 2.4 Fighting
 + Level 2.5 Maces & Flails
 + Level 0.8 Throwing
 + Level 1.0 Armour
 + Level 2.0 Dodging
 + Level 2.0 Spellcasting
 * Level 3.4 Translocations


You had 2 spell levels left.
You knew the following spells:

 Your Spells              Type           Power      Damage    Failure   Level
a - Blink                 Tloc           20%        N/A       12%         2
b - Lesser Beckoning      Tloc           20%        N/A       12%         2

Your spell library contained the following spells:

 Spells                   Type           Power      Damage    Failure   Level
 Momentum Strike          Conj/Tloc      10%        3d8       24%         2
 Sandblast                Erth           2%         2d4       32%         1
 Passwall                 Tmut/Erth      0%         N/A       43%         2
 Teleport Other           Tloc           10%        N/A       24%         3
 Vhi's Electric Charge    Tloc/Air       10%        N/A       43%         3
 Manifold Assault         Tloc           10%        N/A       61%         4
 Stone Arrow              Conj/Erth      2%         3d7       67%         3


Dungeon Overview and Level Annotations

Branches:
Dungeon (2/15)

Altars:


Innate Abilities, Weirdness & Mutations

Your serpentine skin is tough. (AC +1)
You have supernaturally acute eyesight. (SInv)
Armour fits poorly on your strangely shaped body.
Your system is resistant to poisons. (rPois)
You cover ground very slowly.
You can spit poison.
You have a snake-like lower body.


Message History

You see here a dart slug corpse.
You have got your breath back.
The splash of poison hits the black bear but does no damage.
The black bear is lightly wounded.
The black bear looks more healthy.
You thump the black bear!
The black bear is heavily wounded.
You have got your breath back.
The black bear bites you but does no damage.
The black bear claws you. The black bear barely misses you.
You closely miss the black bear.
The black bear is heavily wounded.
The black bear bites you. The black bear completely misses you.
The black bear closely misses you.
You hit the black bear.
The black bear is severely wounded.
The black bear bites you.
The black bear claws you but does no damage. x2
The black bear bites you. The black bear claws you.
The black bear barely misses you.
You hit the black bear.
The black bear is almost dead.
The black bear goes berserk!
You closely miss the black bear.
The black bear is almost dead.
The black bear barely misses you.
The black bear claws you but does no damage. x2
The black bear bites you. The black bear claws you.
* * * LOW HITPOINT WARNING * * *
The black bear claws you.
* * * LOW HITPOINT WARNING * * *
You closely miss the black bear.
The black bear is almost dead.
The black bear bites you.
* * * LOW HITPOINT WARNING * * *
The black bear claws you but does no damage. x2
The black bear bites you.
* * * LOW HITPOINT WARNING * * *
The black bear completely misses you. The black bear claws you.
You die...

........# #.# #
#..)... #.# ####
#...#.#####.####...
#.##.........†..##
#†########.#######
#.# #.# #... #.#
#.####### #h#
#.##≈≈≈≈≈
#@########..#≈#..#
#...........'§...§
###########.'§....
###≈#..# #≈≈§≈≈
######


You could see a black bear (berserk).

Vanquished Creatures
  An adder (D:2)
  A dart slug (D:2)
  3 ball pythons (D:1)
  A bat (D:1)
  3 endoplasms (D:1)
  2 giant cockroaches (D:1)
  3 goblins
  5 hobgoblins (D:1)
  5 jackals
  3 kobolds
  A quokka (D:1)
  2 rats (D:1)
30 creatures vanquished.

Notes
Turn   | Place    | Note
-------+----------+-------------------------------------------
     0 | D:1      | jimonade the Naga Warper began the quest for the Orb.
     0 | D:1      | Reached XP level 1. HP: 19/19 MP: 3/3
   188 | D:1      | Reached XP level 2. HP: 25/26 MP: 5/5
   534 | D:1      | Reached XP level 3. HP: 33/33 MP: 6/6
   549 | D:1      | Reached skill level 1 in Armour
  1046 | D:2      | Learned a level 2 spell: Blink
  1049 | D:2      | Learned a level 2 spell: Lesser Beckoning
  1094 | D:2      | Noticed a black bear
  1107 | D:2      | Slain by a black bear

Illustrated notes

Levels and vault maps discovered:
D:1:      scummos_arrival_forest, layout_basic, minmay_cupped
D:2:      layout_loops_ring, dk_vineyard_2, minmay_tree_intersection,
          kennysheep_generic_room_15

Skill      XL: |  1  2  3 |
---------------+----------+-----
Armour         | 1 |  1.0
Dodging        | 2 |  2.0
Fighting       | |  2.4
Maces & Flails | |  2.5
Throwing       | |  0.8
Spellcasting   | |  2.0
Translocations | |  3.4

Action                     || total
---------------------------++-------
  Melee: Mace              ||    78
Ability: Spit Poison       ||    18
 Armour: Leather armour    ||    56
  Dodge: Dodged            ||    34

Table legend: (Time is in decaauts)
 A = Elapsed time spent in this place.
 B = Non-inter-level travel time spent in this place.
 C = Inter-level travel time spent in this place.
 D = Time resting spent in this place.
 E = Time spent auto-exploring this place.
 F = Levels seen in this place.
 G = Mean time per level.
                   A        B        C        D        E       F      G
               +--------+--------+--------+--------+--------+-----+--------+
         Total |   1479 |   1443 |     36 |      2 |   1107 |   2 |  739.5 |
       Dungeon |   1479 |   1443 |     36 |      2 |   1107 |   2 |  739.5 |
               +--------+--------+--------+--------+--------+-----+--------+

Top non-repeatable levels by time:
     D:1: 1256 daAuts
     D:2: 223 daAuts
